 Dungeon Crawl Stone Soup version 0.29-a0-757-g358383b (webtiles) character file.

Game seed: 11572535763386591325

320 Illumine the Caller (level 6, -2/35 HPs)
             Began as a Deep Elf Summoner on June 30, 2022.
             Slain by a lemure (4 damage)
             ... led by Pikel
             ... on level 4 of the Dungeon.
             The game lasted 00:07:23 (3234 turns).

Illumine the Caller (Deep Elf Summoner)             Turns: 3234, Time: 00:07:24

Health: -2/35      AC:  2    Str:  5    XL:     6   Next: 22%
Magic:  5/16       EV: 13    Int: 22    God:
Gold:   132        SH:  0    Dex: 15    Spells: 2/15 levels left

rFire   . . .      SeeInvis .   i - +1 dagger (venom)
rCold   . . .      Faith    .   (no shield)
rNeg    . . .      Spirit   .   a - +0 robe
rPois   .          Reflect  .   (no helmet)
rElec   .          Harm     .   (no cloak)
rCorr   .          Rampage  .   (no gloves)
Will    .....                   (no boots)
Stlth   ++........              (no amulet)
HPRegen 0.11/turn               (no ring)
MPRegen 0.15/turn               (no ring)

@: no status effects
A: no striking features
a: no special abilities


You were on level 4 of the Dungeon.
You visited 1 branch of the dungeon, and saw 5 of its levels.

You collected 132 gold pieces.

Inventory:

Hand Weapons
 f - a +0 long sword
 i - a +1 dagger of venom (weapon)
Armour
 a - a +0 robe (worn)
Magical Staves
 p - a staff of poison
Scrolls
 c - 3 scrolls of teleportation
 d - 2 scrolls of silence
 h - a scroll of immolation
 l - a scroll of fog {unknown}
 n - a scroll of amnesia {unknown}
 q - a scroll of poison {unknown}
 r - a scroll of magic mapping {unknown}
Potions
 b - a potion of magic
 e - a potion of flight
 g - a potion of brilliance
 j - a potion of attraction
 m - 2 potions of invisibility
 o - a potion of lignification {unknown}


   Skills:
 - Level 2.0 Fighting
 + Level 3.3 Dodging
 - Level 2.4 Stealth
 + Level 5.3 Spellcasting
 - Level 3.0 Hexes
 + Level 5.7 Summonings


You had 2 spell levels left.
You knew the following spells:

 Your Spells              Type           Power      Damage    Failure   Level
a - Summon Small Mammal   Summ           100%       N/A       1%          1
b - Call Imp              Summ           31%        N/A       1%          2
c - Call Canine Familiar  Summ           31%        N/A       2%          3
d - Summon Guardian Gole  Hex/Summ       25%        N/A       4%          3
e - Summon Lightning Spi  Summ/Air       18%        N/A       30%         4

Your spell library contained the following spells:

 Spells                   Type           Power      Damage    Failure   Level
 Ensorcelled Hibernation  Hex/Ice        24%        N/A       8%          2
 Apportation              Tloc           10%        N/A       10%         1
 Necrotize                Necr           20%        1d5       10%         1
 Passwall                 Tmut/Erth      4%         N/A       14%         2
 Swiftness                Air            5%         N/A       28%         3


Dungeon Overview and Level Annotations

Branches:
Dungeon (5/15)
 Temple: D:4-7

Altars:

Annotations:
D:3 1 runed translucent door, Crazy Yiuf
D:5 Pikel


Message History

Magic restored.
You climb downwards.
Level annotation: Pikel
There is a stone staircase leading up here.
Unknown command.
Casting: Call Canine Familiar (dangerous; 2% risk of failure)
Confirm with . or Enter, or press ? or * to list all spells.
Pikel says, "Hell isn't that bad."
Casting: Call Canine Familiar (dangerous; 2% risk of failure)
Confirm with . or Enter, or press ? or * to list all spells.
A guardian golem appears, shielding your allies.
Pikel zaps a wand.
The bolt of light hits your hound!! The bolt of light hits you!
You are confused.
Unknown command.
Pikel misses your hound. The lemure hits you!
Your hound bites Pikel.
You climb upwards.
Your summoned ally is left behind.
There is a stone staircase leading down here.
Unknown command.
You're too confused to cast spells.
Unknown command.
You are too injured to fight recklessly!
It was a potion of cancellation.
Your magical effects are unravelling.
You feel magically purged.
You feel less confused. The lemure hits you.
* * * LOW HITPOINT WARNING * * *
Unknown command.
Casting: Summon Guardian Golem (dangerous; 4% risk of failure)
Confirm with . or Enter, or press ? or * to list all spells.
The lemure hits you but does no damage.
Casting: Call Canine Familiar (dangerous; 2% risk of failure)
Confirm with . or Enter, or press ? or * to list all spells.
A guardian golem appears, shielding your allies.
Your hound closely misses the lemure.
The lemure hits you!
* * * LOW HITPOINT WARNING * * *
Unknown command.
The lemure attacks as you move away! The lemure hits you.
You die...

####.##.....##.................
#.##.###...##...............
#..#.#####..#...............
####............).............
#....#.#......................
#...##....######.............<
###.##....#.....#...(.........
#.#..##.#.###.≈≈≈....#.....#
####.#......h5@..≈.≈#........#.
#...............9≈.≈##..###....
#................≈.≈##..####...
#...................##..[.#....
#....................###.....#.
#.................)..###.....##
#..............................
#####.......[.........#........
##..<...........##..###...#


You could see a lemure (ally target), a friendly guardian golem (summoned) and a
friendly hound (summoned, sheltered).

Vanquished Creatures
  A scorpion (D:4)
  An orc (D:4)
  An endoplasm (D:1)
  A giant cockroach (D:1)
  A quokka (D:4)
  2 ball pythons
  A bat (D:3)
  A frilled lizard (D:1)
9 creatures vanquished.

Vanquished Creatures (collateral kills)
  A hound (D:4)
  A jelly (D:5)
  An iguana (D:4)
  A gnoll shaman (D:5)
  7 adders
  2 dart slugs
  3 orcs
  3 endoplasms
  2 giant cockroaches
  2 goblins (D:4)
  4 hobgoblins
  3 jackals (D:4)
  3 kobolds
  3 quokkas
  8 ball pythons
  5 bats
  A rat (D:1)
50 creatures vanquished.

Vanquished Creatures (others)
  2 gnolls (D:5)
  A fungus (D:1)
3 creatures vanquished.

Grand Total: 62 creatures vanquished

Notes
Turn   | Place    | Note
-------+----------+-------------------------------------------
     0 | D:1      | Illumine the Deep Elf Summoner began the quest for the Orb.
     0 | D:1      | Reached XP level 1. HP: 10/10 MP: 6/6
   172 | D:1      | Found a faded altar of an unknown god.
   323 | D:1      | Reached XP level 2. HP: 10/15 MP: 5/8
   426 | D:1      | Learned a level 2 spell: Call Imp
  1057 | D:2      | Reached XP level 3. HP: 20/20 MP: 6/10
  1104 | D:2      | Learned a level 3 spell: Call Canine Familiar
  1260 | D:2      | Reached skill level 5 in Summonings
  1577 | D:2      | Reached skill level 1 in Fighting
  2020 | D:3      | Learned a level 3 spell: Summon Guardian Golem
  2364 | D:3      | Found a runed translucent door.
  2365 | D:3      | Noticed Crazy Yiuf
  2415 | D:4      | Reached XP level 4. HP: 25/25 MP: 6/12
  2518 | D:4      | Reached skill level 1 in Hexes
  2676 | D:4      | Reached XP level 5. HP: 29/29 MP: 8/14
  2689 | D:4      | Learned a level 4 spell: Summon Lightning Spire
  2945 | D:4      | Reached skill level 5 in Spellcasting
  3049 | D:5      | Entered Level 5 of the Dungeon
  3087 | D:5      | Noticed a centaur
  3149 | D:5      | Reached XP level 6. HP: 35/35 MP: 11/15
  3194 | D:5      | Noticed Pikel
  3234 | D:4      | Slain by a lemure

Illustrated notes

Levels and vault maps discovered:
D:1:      dpeg_arrival_round_b, layout_basic,
          dreamdust_ecumenical_altar_hidden_monk_grotto, grunt_decor_one_mirror
D:2:      layout_basic
D:3:      layout_loops_ring, uniq_crazy_yiuf_cottage
D:4:      layout_rooms, serial_rivers, chequers_serial_rivers_micro_c,
          chequers_serial_rivers_micro_d, chequers_serial_rivers_micro_e,
          chequers_serial_rivers_micro_d, chequers_serial_rivers_micro_a,
          chequers_serial_rivers_large_a, guppyfry_early_lair_pool
D:5:      layout_loops_ring, guppyfry_early_orc_mine, uniq_pikel

Skill      XL: |  1  2  3  4  5  6 |
---------------+-------------------+-----
Dodging        | 3 |  3.3
Spellcasting   | 4 5 |  5.3
Summonings     | 5 |  5.7
Fighting       | 1 2 |  2.0
Hexes          | 1 2 3 |  3.0
Stealth        | |  2.4

Action                   |  1- 3 |  4- 6 || total
-------------------------+-------+-------++-------
Melee: Long sword        |     8 |       ||     8
       Dagger            |       |     5 ||     5
 Cast: Summon Small Mamm |    22 |     4 ||    26
       Call Imp          |    16 |     5 ||    21
       Call Canine Famil |     7 |     8 ||    15
       Summon Guardian G |       |     5 ||     5
  Use: Scroll            |       |     7 ||     7
       Potion            |       |     1 ||     1
 Stab: Sleeping          |     1 |       ||     1
Armor: Robe              |     2 |     1 ||     3
Dodge: Dodged            |    15 |     2 ||    17

Table legend: (Time is in decaauts)
 A = Elapsed time spent in this place.
 B = Non-inter-level travel time spent in this place.
 C = Inter-level travel time spent in this place.
 D = Time resting spent in this place.
 E = Time spent auto-exploring this place.
 F = Levels seen in this place.
 G = Mean time per level.
                   A        B        C        D        E       F      G
               +--------+--------+--------+--------+--------+-----+--------+
         Total |   3240 |   3131 |    109 |    381 |   2184 |   5 |  648.0 |
       Dungeon |   3240 |   3131 |    109 |    381 |   2184 |   5 |  648.0 |
               +--------+--------+--------+--------+--------+-----+--------+

Top non-repeatable levels by time:
     D:1: 946 daAuts
     D:2: 737 daAuts
     D:3: 727 daAuts
     D:4: 723 daAuts
     D:5: 106 daAuts
